AoeStats
← [KMNB] Bandeira

Lombardia

508414323Analyzed
2v2 RM · 11d ago on Sep 22, 2026· 45m 2s· 4 players
Game mode
Random Map
Map size
Medium (4 player)
Population
200
Speed
Normal
Resources
Standard
Victory
Conquest
Starting age
Dark Age
Ending age
Imperial Age
RankedLock teamsTeams togetherTeam positionsShared explorationLock speedFull tech treeHidden civsTurbo modeCheats
Victory
Defeat
🇨🇳 Britons · China
1633
+11
🇨🇳 Slavs · China
1630
+11
🇧🇷 Saracens · Brazil
1516
-11
🇧🇷 Magyars · Brazil
1510
-11
[KMNB] Bandeira
6:43 Loom
9:22 Feudal Age
9:57 Double-Bit Axe
13:00 Scale Barding Armor
16:52 Horse Collar
20:05 Castle Age
20:33 Bloodlines
20:25 Gold Mining
21:27 Husbandry
22:17 Chain Barding Armor
24:55 Wheelbarrow
28:06 Stone Mining
30:46 Bow Saw
30:40 Heavy Plow
35:43 Imperial Age
34:25 Hand Cart
35:44 Cavalier
37:07 Plate Barding Armor
40:36 Fletching
[KMNB] Galodoido
8:33 Feudal Age
7:05 Loom
14:17 Fletching
16:29 Double-Bit Axe
19:17 Wheelbarrow
23:17 Castle Age
22:20 Gold Mining
22:50 Horse Collar
23:24 Crossbowman
24:04 Bodkin Arrow
25:06 Padded Archer Armor
26:19 Ballistics
30:21 Bow Saw
30:32 Elite Skirmisher
31:28 Leather Archer Armor
34:41 Imperial Age
34:50 Arbalester
35:56 Bracer
Player86688262
10:47 Feudal Age
9:38 Loom
12:24 Double-Bit Axe
15:01 Castle Age
15:47 Fletching
23:14 Horse Collar
25:23 Ballistics
27:14 Wheelbarrow
27:01 Bow Saw
27:21 Bodkin Arrow
34:22 Imperial Age
35:19 Bracer
36:21 Chemistry
35:51 Conscription
37:45 Hand Cart
37:16 Town Watch
39:15 Gold Mining
39:16 Stone Mining
39:27 Heavy Plow
41:15 Padded Archer Armor
42:30 Two-Man Saw
41:19 Elite Longbowman
43:06 Gold Shaft Mining
43:13 Yeomen
43:14 Leather Archer Armor
44:32 Treadmill Crane
45:24 Ring Archer Armor
45:09 Warwolf
44:50 Crossbowman
mongo
7:11 Loom
9:33 Feudal Age
11:07 Double-Bit Axe
11:43 Horse Collar
14:39 Wheelbarrow
21:58 Castle Age
20:40 Bloodlines
20:50 Stone Mining
23:05 Hand Cart
23:02 Bow Saw
23:21 Heavy Plow
23:14 Gold Mining
25:50 Scale Barding Armor
25:55 Forging
26:32 Husbandry
26:55 Chain Barding Armor
30:42 Gold Shaft Mining
30:03 Pikeman
31:08 Scale Mail Armor
31:24 Squires
33:21 Chain Mail Armor
34:17 Iron Casting
39:51 Imperial Age
39:45 Town Watch
40:42 Elite Boyar
40:43 Halberdier
42:06 Plate Barding Armor
43:04 Plate Mail Armor
43:41 Blast Furnace
44:32 Druzhina
44:37 Capped Ram
Connection lost

Rejoining the realm…

Still unreachable

The connection could not be restored.

Session expired

The server has moved on; the page needs a fresh start.